MID
SOUTH BEND CUBS @ AUGUSTA GREENJACKETS
06/29/2049
 
TOP OF THE 1ST
South Bend Cubs batting - Pitching for Augusta GreenJackets : RHP Brian Whitley
Pitching: RHP Brian Whitley
Batting: RHB Dan Orozco 0-0: SINGLE (Groundball, 6MD, EV 95.6 MPH)
Batting: RHB Adrian Cox 0-0: Ball
Dan Orozco steals 2nd base
1-0: Ball
2-0: Called Strike
2-1: Ground out 3-1 (Groundball, 34, EV 83.8 MPH)
Dan Orozco to third
Batting: RHB Erik Smith 0-0: Ball
1-0: Ball
2-0: Swinging Strike
2-1: Swinging Strike
2-2: Fly out, F8 (Flyball, 8LM, EV 88.1 MPH)
Batting: RHB Mike Stein 0-0: Swinging Strike
0-1: Ball
1-1: Swinging Strike
1-2: Foul Ball, location: 2F
1-2: Ball
2-2: Fly out, F8 (Flyball, 8RD, EV 101.2 MPH)
Top of the 1st over - 0 runs, 1 hit, 0 errors, 1 left on base; South Bend 0 - Augusta 0
BOTTOM OF THE 1ST
Augusta GreenJackets batting - Pitching for South Bend Cubs : RHP Steve Vint
Pitching: RHP Steve Vint
Batting: LHB Bruce Arvizu 0-0: Ball
1-0: Swinging Strike
1-1: Ball
2-1: Ball
3-1: Base on Balls
Batting: RHB Frank Pena 0-0: Ball
Bruce Arvizu steals 2nd base
1-0: Foul Ball, location: 2F
1-1: Ball
2-1: Called Strike
2-2: 2-RUN HOME RUN (Flyball, 7D, EV 98.8 MPH), Distance : 378 ft
Batting: LHB Oscar Tamayo 0-0: Ball
1-0: Foul Ball, location: 2F
1-1: Ground out 4-3 (Groundball, 4, EV 98.1 MPH)
Batting: RHB Antonio Lara 0-0: Called Strike
0-1: Called Strike
0-2: Strikes out swinging
Batting: RHB Justin Baldwin 0-0: Ground out 6-3 (Groundball, 6, EV 91.9 MPH)
Bottom of the 1st over - 2 runs, 1 hit, 0 errors, 0 left on base; South Bend 0 - Augusta 2
TOP OF THE 2ND
South Bend Cubs batting - Pitching for Augusta GreenJackets : RHP Brian Whitley
Batting: RHB David Bousfield 0-0: Ball
1-0: Reached via error on a dropped throw from 1B, E1 (Groundball, 34, EV 101.9 MPH)
Batting: RHB Mike Hill 0-0: Ball
1-0: Called Strike
1-1: Ball
2-1: SINGLE (Line Drive, 7S, EV 105.6 MPH)
David Bousfield to second
Batting: RHB Josh Burns 0-0: Ball
1-0: Called Strike
1-1: Foul Ball, location: 2F
1-2: Strikes out swinging
Batting: RHB Ryan Bush 0-0: Called Strike
0-1: Ball
1-1: Swinging Strike
1-2: Strikes out swinging
Batting: RHB Gilberto Alvarado 0-0: Ball
1-0: SINGLE (Groundball, 34D, EV 95.6 MPH)
David Bousfield to third
Mike Hill to second
Runner from 3rd tries for Home, throw by RF and OUT! 9-2
Top of the 2nd over - 0 runs, 2 hits, 1 error, 2 left on base; South Bend 0 - Augusta 2
BOTTOM OF THE 2ND
Augusta GreenJackets batting - Pitching for South Bend Cubs : RHP Steve Vint
Batting: RHB Peter Croston 0-0: Ball
1-0: Swinging Strike
1-1: Called Strike
1-2: Ball
2-2: Fly out, F8 (Line Drive, 78M, EV 86.9 MPH)
Pitching: RHP Scott Hanson
Batting: RHB Jordan Wallace 0-0: Ball
1-0: Ball
2-0: Ball
3-0: Base on Balls
Batting: LHB Gil Caraveo 0-0: Ball
1-0: Fielders Choice at 2nd, 4-6 (Groundball, 34, EV 90.0 MPH)
Batting: RHB Gary Sampson 0-0: Called Strike
0-1: Ball
1-1: Foul Ball, location: 2F
1-2: DOUBLE (Line Drive, 9LS, EV 98.8 MPH)
Gil Caraveo to third
Batting: LHB Bruce Arvizu 0-0: Ball
1-0: Swinging Strike
1-1: Ball
2-1: SINGLE (Groundball, 34D, EV 97.5 MPH)
Gil Caraveo scores
Gary Sampson to third
Runner from 3rd tries for Home, throw by RF and OUT! 9-2
Bottom of the 2nd over - 1 run, 2 hits, 0 errors, 1 left on base; South Bend 0 - Augusta 3
TOP OF THE 3RD
South Bend Cubs batting - Pitching for Augusta GreenJackets : RHP Brian Whitley
Batting: RHB Dan Orozco 0-0: Ball
1-0: Called Strike
1-1: Ball
2-1: Swinging Strike
2-2: Strikes out looking
Batting: RHB Adrian Cox 0-0: Foul Ball, location: 2F
0-1: Called Strike
0-2: Ball
1-2: Ball
2-2: Ground out 4-3 (Groundball, 4, EV 84.4 MPH)
Batting: RHB Erik Smith 0-0: Ball
1-0: Ball
2-0: Called Strike
2-1: Swinging Strike
2-2: Ball
3-2: Strikes out swinging
Top of the 3rd over - 0 runs, 0 hits, 0 errors, 0 left on base; South Bend 0 - Augusta 3
BOTTOM OF THE 3RD
Augusta GreenJackets batting - Pitching for South Bend Cubs : RHP Scott Hanson
Batting: RHB Frank Pena 0-0: SINGLE (Groundball, 4MD, EV 93.8 MPH)
Batting: LHB Oscar Tamayo 0-0: Ball
1-0: Foul Ball, location: 2F
1-1: SINGLE (Groundball, 4MD, EV 103.1 MPH)
Frank Pena to second
Runner from 2nd tries for 3rd, SAFE, throw by CF made to third
Pitching: LHP Mike Anderson
Batting: RHB Antonio Lara 0-0: Ball
1-0: Called Strike
1-1: Foul Ball, location: 2F
1-2: Foul Ball, location: 2F
1-2: Ball
2-2: Strikes out swinging
Batting: RHB Justin Baldwin 0-0: Ball
1-0: Reached on error, E1 (Groundball, 15S, EV 68.1 MPH)
Frank Pena scores
Oscar Tamayo to second
Batting: RHB Peter Croston 0-0: Ball
1-0: Ball
Wild Pitch!
Oscar Tamayo to third
Justin Baldwin to second
2-0: Ball
3-0: Called Strike
3-1: Foul Ball, location: 2F
3-2: Foul Ball, location: 2F
3-2: Foul Ball, location: 2F
3-2: Base on Balls
Batting: RHB Jordan Wallace 0-0: Ball
1-0: Fly out, F8 (Flyball, 8LD, EV 105.6 MPH)
Pitching: RHP Melvin Orengo
Batting: LHB Gil Caraveo 0-0: Called Strike
0-1: Ground out 4-3 (Groundball, 4, EV 98.8 MPH)
Bottom of the 3rd over - 1 run, 2 hits, 1 error, 3 left on base; South Bend 0 - Augusta 4
TOP OF THE 4TH
South Bend Cubs batting - Pitching for Augusta GreenJackets : RHP Brian Whitley
Batting: RHB Mike Stein 0-0: Ball
1-0: Ball
2-0: Called Strike
2-1: Ground out 6-3 (Groundball, 6, EV 80.0 MPH)
Batting: RHB David Bousfield 0-0: Ball
1-0: Called Strike
1-1: Swinging Strike
1-2: Ball
2-2: Foul Ball, location: 2F
2-2: SINGLE (Line Drive, 8LS, EV 96.9 MPH)
Batting: RHB Mike Hill 0-0: Ball
David Bousfield steals 2nd base
1-0: Called Strike
1-1: Foul Ball, location: 2F
1-2: Strikes out swinging
Batting: RHB Josh Burns 0-0: Ball
1-0: Ball
2-0: Foul Ball, location: 2F
2-1: Foul Ball, location: 2F
2-2: Fly out, F8 (Flyball, 89D, EV 96.2 MPH)
Top of the 4th over - 0 runs, 1 hit, 0 errors, 1 left on base; South Bend 0 - Augusta 4
BOTTOM OF THE 4TH
Augusta GreenJackets batting - Pitching for South Bend Cubs : RHP Melvin Orengo
Batting: RHB Gary Sampson 0-0: Ball
1-0: Ball
2-0: Ball
3-0: Called Strike
3-1: DOUBLE (Flyball, 8RXD, EV 91.2 MPH)
Batting: LHB Bruce Arvizu 0-0: SINGLE (Flyball, 8RS, EV 95.6 MPH)
Gary Sampson to third
Runner from 3rd tries for Home, SAFE, throw by CF to home
Batting: RHB Frank Pena 0-0: Swinging Strike
0-1: Swinging Strike
0-2: Strikes out swinging
Batting: LHB Oscar Tamayo 0-0: Called Strike
0-1: Ball
1-1: Swinging Strike
1-2: Foul Ball, location: 2F
1-2: Ball
2-2: Ball
3-2: Base on Balls
Bruce Arvizu to second
Pitching: RHP Angel Pesina
Batting: RHB Antonio Lara 0-0: Called Strike
0-1: Ball
1-1: Foul Ball, location: 2F
1-2: Ball
2-2: Ball
3-2: Strikes out swinging
Batting: RHB Justin Baldwin 0-0: Ball
1-0: Ball
Passed Ball!
Bruce Arvizu to third
Oscar Tamayo to second
2-0: Foul Ball, location: 2F
2-1: DOUBLE (Line Drive, 7LM, EV 107.5 MPH)
Bruce Arvizu scores
Oscar Tamayo scores
Batting: RHB Peter Croston 0-0: Ball
1-0: Ball
2-0: Ball
3-0: Base on Balls
Batting: RHB Jordan Wallace 0-0: Ball
1-0: Called Strike
1-1: Ball
2-1: Fielders Choice at 2nd, 5-4 (Groundball, 56, EV 88.1 MPH)
Bottom of the 4th over - 3 runs, 3 hits, 0 errors, 2 left on base; South Bend 0 - Augusta 7
TOP OF THE 5TH
South Bend Cubs batting - Pitching for Augusta GreenJackets : RHP Brian Whitley
Batting: RHB Ryan Bush 0-0: Swinging Strike
0-1: Swinging Strike
0-2: Strikes out swinging
Batting: RHB Gilberto Alvarado 0-0: SINGLE (Groundball, 6MD, EV 93.8 MPH)
Batting: RHB Dan Orozco 0-0: Ball
1-0: Ball
Gilberto Alvarado steals 2nd base
2-0: Called Strike
2-1: Called Strike
2-2: Ball
3-2: Base on Balls
Batting: RHB Adrian Cox 0-0: Called Strike
0-1: Ball
1-1: Swinging Strike
1-2: Ball
2-2: Ball
3-2: Fly out, F8 (Line Drive, 8LS, EV 94.4 MPH)
Batting: RHB Erik Smith 0-0: Foul Ball, location: 2F
0-1: Called Strike
0-2: Ball
1-2: Fly out, F4 (Popup, 4D, EV 55.6 MPH)
Top of the 5th over - 0 runs, 1 hit, 0 errors, 2 left on base; South Bend 0 - Augusta 7
BOTTOM OF THE 5TH
Augusta GreenJackets batting - Pitching for South Bend Cubs : RHP Angel Pesina
Pitching: LHP Dusty Blubaugh
Batting: LHB Gil Caraveo 0-0: Called Strike
0-1: Foul Ball, location: 2F
0-2: Ball
1-2: Strikes out swinging
Batting: RHB Gary Sampson 0-0: Called Strike
0-1: Foul Ball, location: 2F
0-2: Ball
1-2: Foul Ball, location: 2F
1-2: Ground out 4-3 (Groundball, 4, EV 86.2 MPH)
Batting: LHB Bruce Arvizu 0-0: Swinging Strike
0-1: Ball
1-1: Ball
2-1: Ball
3-1: Foul Ball, location: 2F
3-2: SOLO HOME RUN (Line Drive, 9LD, EV 98.8 MPH), Distance : 357 ft
Batting: RHB Frank Pena 0-0: Swinging Strike
0-1: Foul Ball, location: 2F
0-2: Ball
1-2: Foul Ball, location: 2F
1-2: Fly out, F9 (Flyball, 9LM, EV 90.0 MPH)
Bottom of the 5th over - 1 run, 1 hit, 0 errors, 0 left on base; South Bend 0 - Augusta 8
TOP OF THE 6TH
South Bend Cubs batting - Pitching for Augusta GreenJackets : RHP Brian Whitley
Batting: RHB Mike Stein 0-0: Ball
1-0: Ground out 5-3 (Groundball, 5, EV 82.5 MPH)
Batting: RHB David Bousfield 0-0: Swinging Strike
0-1: Ball
1-1: Ball
2-1: Swinging Strike
2-2: Strikes out swinging
Batting: RHB Mike Hill 0-0: Ball
1-0: Ball
2-0: Foul Ball, location: 2F
2-1: Foul Ball, location: 2F
2-2: Foul Ball, location: 2F
2-2: Foul Ball, location: 2F
2-2: Ball
3-2: SINGLE (Groundball, 56D, EV 95.0 MPH)
Pitching: RHP Tucker Perillo
Batting: RHB Josh Burns 0-0: Ball
1-0: Ball
2-0: Ball
3-0: Called Strike
3-1: Foul Ball, location: 2F
3-2: Ground out 5-3 (Groundball, 56, EV 98.1 MPH)
Top of the 6th over - 0 runs, 1 hit, 0 errors, 1 left on base; South Bend 0 - Augusta 8
BOTTOM OF THE 6TH
Augusta GreenJackets batting - Pitching for South Bend Cubs : LHP Dusty Blubaugh
Pitching: RHP Andrew Dopp
Batting: LHB Oscar Tamayo 0-0: Called Strike
0-1: Ball
1-1: Called Strike
1-2: Strikes out swinging
Batting: RHB Antonio Lara 0-0: Hit by Pitch
Batting: RHB Justin Baldwin 0-0: Called Strike
0-1: Called Strike
0-2: Foul Ball, location: 2F
0-2: Hit by Pitch
Antonio Lara to second
Batting: RHB Peter Croston 0-0: Ball
1-0: Ball
2-0: Called Strike
2-1: Foul Ball, location: 2F
2-2: Ball
3-2: DOUBLE (Line Drive, 78XD, EV 102.5 MPH)
Antonio Lara scores
Justin Baldwin to third
Runner from 3rd tries for Home, throw by CF and OUT! 8-6-2
Batting: RHB Jordan Wallace 0-0: Foul Ball, location: 2F
0-1: Swinging Strike
0-2: Ball
1-2: Single, Error in OF, E8, batter to second base (Groundball, 6D, EV 102.5 MPH)
Peter Croston scores
Pitching: RHP Victor Ramirez
Batting: LHB Gil Caraveo 0-0: Called Strike
0-1: Called Strike
0-2: Foul Ball, location: 2F
0-2: Ball
1-2: Fly out, F9 (Flyball, 89S, EV 88.8 MPH)
Bottom of the 6th over - 2 runs, 2 hits, 1 error, 1 left on base; South Bend 0 - Augusta 10
TOP OF THE 7TH
South Bend Cubs batting - Pitching for Augusta GreenJackets : RHP Tucker Perillo
Batting: RHB Ryan Bush 0-0: Ball
1-0: SOLO HOME RUN (Flyball, 7D, EV 100.0 MPH), Distance : 384 ft
Batting: RHB Gilberto Alvarado 0-0: Called Strike
0-1: Foul Ball, location: 2F
0-2: Ball
1-2: Foul Ball, location: 2F
1-2: Strikes out swinging
Batting: RHB Dan Orozco 0-0: Called Strike
0-1: SINGLE (Groundball, 6M, EV 99.4 MPH)
Batting: RHB Adrian Cox 0-0: Swinging Strike
0-1: Foul Ball, location: 2F
0-2: Ground out 6-3 (Groundball, 6, EV 86.2 MPH)
Dan Orozco to second
Batting: RHB Erik Smith 0-0: Ball
1-0: Ground out 5-3 (Groundball, 56, EV 105.6 MPH)
Top of the 7th over - 1 run, 2 hits, 0 errors, 1 left on base; South Bend 1 - Augusta 10
BOTTOM OF THE 7TH
Augusta GreenJackets batting - Pitching for South Bend Cubs : RHP Victor Ramirez
Batting: RHB Gary Sampson 0-0: Called Strike
0-1: SOLO HOME RUN (Flyball, 7LD, EV 98.1 MPH), Distance : 349 ft
Pinch Hitting: RHB Jake Shelton 0-0: Ball
1-0: Foul Ball, location: 2F
1-1: Ball
2-1: Ball
3-1: Ground out 2-3 (Groundball, 2L, EV 66.2 MPH)
Batting: RHB Frank Pena 0-0: Foul Ball, location: 2F
0-1: Ground out 6-3 (Groundball, 6, EV 85.0 MPH)
Batting: LHB Oscar Tamayo 0-0: Ball
1-0: Ball
2-0: Foul Ball, location: 2F
2-1: Ball
3-1: Fly out, F9 (Flyball, 89S, EV 95.0 MPH)
Bottom of the 7th over - 1 run, 1 hit, 0 errors, 0 left on base; South Bend 1 - Augusta 11
TOP OF THE 8TH
South Bend Cubs batting - Pitching for Augusta GreenJackets : RHP Tucker Perillo
Now in LF: Jake Shelton
Batting: RHB Mike Stein 0-0: Fly out, F5 (Line Drive, 56, EV 67.5 MPH)
Batting: RHB David Bousfield 0-0: Ball
1-0: Called Strike
1-1: Ball
2-1: Foul Ball, location: 2F
2-2: Fly out, F9 (Line Drive, 89S, EV 96.9 MPH)
Batting: RHB Mike Hill 0-0: Ball
1-0: Ball
2-0: Foul Ball, location: 2F
2-1: Called Strike
2-2: SINGLE (Groundball, 6M, EV 81.2 MPH) (infield hit)
Pitching: LHP Kevin Drew
Batting: RHB Josh Burns 0-0: Foul Ball, location: 2F
0-1: Ball
1-1: Ball
2-1: Swinging Strike
2-2: Ball
3-2: Foul Ball, location: 2F
3-2: Strikes out swinging
Top of the 8th over - 0 runs, 1 hit, 0 errors, 1 left on base; South Bend 1 - Augusta 11
BOTTOM OF THE 8TH
Augusta GreenJackets batting - Pitching for South Bend Cubs : RHP Victor Ramirez
Batting: RHB Antonio Lara 0-0: Swinging Strike
0-1: Ball
1-1: Called Strike
1-2: SOLO HOME RUN (Flyball, 7D, EV 103.8 MPH), Distance : 389 ft
Batting: RHB Justin Baldwin 0-0: Swinging Strike
0-1: Swinging Strike
0-2: Foul Ball, location: 2F
0-2: Ground out 6-3 (Groundball, 6, EV 101.9 MPH)
Batting: RHB Peter Croston 0-0: Ball
1-0: Ball
2-0: Ball
3-0: Foul Ball, location: 2F
3-1: Base on Balls
Batting: RHB Jordan Wallace 0-0: Ball
1-0: Fly out, F8 (Flyball, 78S, EV 80.0 MPH)
Batting: LHB Gil Caraveo 0-0: Ball
1-0: Ground out 4-3 (Groundball, 4, EV 88.8 MPH)
Bottom of the 8th over - 1 run, 1 hit, 0 errors, 1 left on base; South Bend 1 - Augusta 12
TOP OF THE 9TH
South Bend Cubs batting - Pitching for Augusta GreenJackets : LHP Kevin Drew
Batting: RHB Ryan Bush 0-0: Ball
1-0: Called Strike
1-1: Foul Ball, location: 2F
1-2: Ball
2-2: Ground out 6-3 (Groundball, 6, EV 88.8 MPH)
Batting: RHB Gilberto Alvarado 0-0: Ground out 4-3 (Groundball, 4, EV 105.6 MPH)
Batting: RHB Dan Orozco 0-0: Ball
1-0: Ball
2-0: Ball
3-0: Called Strike
3-1: Ground out 6-3 (Groundball, 6S, EV 65.6 MPH)
Top of the 9th over - 0 runs, 0 hits, 0 errors, 0 left on base; South Bend 1 - Augusta 12
Sunday, July 16th , 2023 - OOTP Baseball 24.6 Build 69